 Dungeon Crawl Stone Soup version 0.25.1-8-g42b30a86e7 (webtiles) character file.

Game seed: 16803292111270565370

2041 growler the Ruffian (level 9, -3/76 HPs)
             Began as a Purple Draconian Transmuter on Dec 17, 2020.
             Was a Believer of Uskayaw.
             Slain by a centaur (8 damage)
             ... on level 7 of the Dungeon.
             The game lasted 00:27:44 (7955 turns).

growler the Ruffian (Purple Draconian Transmuter)   Turns: 7955, Time: 00:27:45

Health: -3/76      AC:  6    Str: 15    XL:     9   Next: 4%
Magic:  2/16       EV: 10    Int: 14    God:    Uskayaw [**....]
Gold:   395        SH:  0    Dex: 12    Spells: 3/18 levels left

rFire    x . .     SeeInvis .     - Unarmed
rCold    + + +     Gourm    .   (shield currently unavailable)
rNeg     . . .     Faith    .   (armour unavailable)
rPois    +         Spirit   .   (helmet currently unavailable)
rElec    .         Reflect  .   (cloak currently unavailable)
rCorr    .         Harm     .   (gloves currently unavailable)
MR       +....                  (boots currently unavailable)
Stlth    +.........             (no amulet)
HPRegen  0.22/turn              (no ring)
MPRegen  0.15/turn              (no ring)

@: ice-form
A: large, (breathe power), unfitting armour, AC +7
a: End Transformation, Stomp, Line Pass, Renounce Religion


You were on level 7 of the Dungeon.
You worshipped Uskayaw.
Uskayaw was noncommittal.
You were hungry.
You were a creature of crystalline ice.
You visited 1 branch of the dungeon, and saw 7 of its levels.

You collected 395 gold pieces.

Inventory:

Missiles
 a - 155 arrows
 j - 6 atropa-tipped darts (quivered)
Jewellery
 h - an uncursed ring of positive energy {unknown}
   (You found it on level 3 of the Dungeon)
Wands
 r - a wand of polymorph (7)
   (You found it on level 5 of the Dungeon)
 t - a wand of flame (17)
   (You took it off Pikel on level 5 of the Dungeon)
Scrolls
 b - a scroll of teleportation {unknown}
 c - a scroll of magic mapping {unknown}
 f - 2 scrolls of blinking
 k - a scroll of fog {unknown}
 l - 7 scrolls of remove curse {@r2}
 n - 2 scrolls of identify {@r1}
 s - a scroll of enchant weapon {unknown}
 x - a scroll of noise {unknown}
 y - 3 scrolls of amnesia {unknown}
 B - a scroll of vulnerability {unknown}
Potions
 d - 4 potions of curing {@q1}
 g - 3 potions of heal wounds {@q2}
 i - a potion of lignification {!q}
 m - a potion of flight {unknown}
 o - 4 potions of brilliance {unknown}
 p - a potion of mutation {unknown}
 q - a potion of might {unknown}
 u - a potion of cancellation {unknown}
 v - a potion of stabbing {unknown}
 w - a potion of magic {unknown}
 A - a potion of invisibility {unknown}
Comestibles
 e - 8 rations {!d}


   Skills:
 - Level 1.1 Fighting
 - Level 1.7 Dodging
 + Level 7.6 Unarmed Combat
 - Level 5.0 Spellcasting
 - Level 6.0 Transmutations
 - Level 6.0 Ice Magic
 - Level 2.0 Poison Magic


You had 3 spell levels left.
You knew the following spells:

 Your Spells              Type           Power        Failure   Level  Hunger
a - Beastly Appendage     Tmut           ###...       1%          1    None
b - Blade Hands           Tmut           ###.......   38%         5    ######.
c - Ice Form              Ice/Tmut       ###.....     14%         4    ####...
s - Sticks to Snakes      Tmut           ###.....     2%          2    ##.....
x - Spider Form           Tmut/Pois      ##........   10%         3    ###....

Your spell library contained the following spells:

 Spells                   Type           Power        Failure   Level  Hunger
 Passwall                 Tmut/Erth      ##......     8%          2    ##.....
 Sandblast                Erth           #.....       17%         1    None
 Stone Arrow              Conj/Erth      #.....       45%         3    ###....
 Petrify                  Tmut/Erth      ##......     45%         4    ####...
 Lee's Rapid Deconstruct  Erth           #.........   99%         5    ######.


Dungeon Overview and Level Annotations

Branches:
Dungeon (7/15)             Temple (0/1) D:6

Altars:
Elyvilon
Nemelex Xobeh
Uskayaw
The Shining One

Shops:
D:4 *

Annotations:
D:4 2 transporters


Innate Abilities, Weirdness & Mutations

((You can breathe bolts of dispelling energy.))
((Your rich purple scales are hard. (AC +7)))
You cannot fit into any form of body armour.
((You are cold-blooded and may be slowed by cold attacks.))


Message History

Your Ice Magic skill increases to level 6!
The centaur shoots an arrow.
The arrow hits you.
* * * LOW HITPOINT WARNING * * *
You pummel the bullfrog skeleton!!
You destroy the bullfrog skeleton!
The sky beast flickers out of sight!
Deactivating autopickup; reactivate with Ctrl-A.
Uskayaw will force your foes to share their pain.
Uskayaw links your audience in an emotional bond!
Okay, then.
Unknown command.
You hit something. You freeze something.
A killer bee comes into view.
The centaur shoots an arrow.
The arrow barely misses you.
A sky beast appears from thin air!
Reactivating autopickup.
The sky beast closely misses you.
You hear an angry buzzing noise.
You barely miss the sky beast.
You hear a shout!
The sky beast hits you.
* * * LOW HITPOINT WARNING * * *
The sky beast shocks you.
* * * LOW HITPOINT WARNING * * *
The sky beast appears confused.
The killer bee appears confused.
You feel somewhat more hungry.
Uskayaw will no longer force your foes to share their pain.
A killer bee comes into view.
The killer bee buzzes angrily.
The centaur is no longer sharing its pain.
The sky beast is no longer sharing its pain.
The killer bee stings something.
The killer bee barely misses you.
The sky beast flickers out of sight!
Deactivating autopickup; reactivate with Ctrl-A.
You stomp with the beat, sending a shockwave through the revelers around you!
You feel somewhat more hungry.
Uskayaw will no longer force your foes to helplessly watch your dance.
The killer bee stings the centaur.
The killer bee stings you.
* * * LOW HITPOINT WARNING * * *
The centaur unwields a +0 shortbow.
The centaur barely misses you. The killer bee misses you.
Uskayaw will force your foes to helplessly watch your dance.
You stomp with the beat, sending a shockwave through the revelers around you!
You are feeling hungry.
Uskayaw will no longer force your foes to helplessly watch your dance.
The killer bee seems less confused.
The killer bee stings you.
* * * LOW HITPOINT WARNING * * *
The centaur hits you!
You die...

#.####### #.#...... ###......<.
#.......... #(#.# #(#.# # # #.#.#
# #.#.#y# .# #.#.#Y# #...#
#..yc.# ###...## #
##########(#......#....###### #
#.........(#.####.#.........#
#####.##########.#.....#.#.##...#
)......# #.#.##.###........
#####.## #.......#......÷.. ###
###.##.#..#....... #############
#.##.#......÷...


You could see a centaur and 2 killer bees.

Vanquished Creatures
  Pikel (D:5)
  Maggie (D:7)
  Eustachio (D:4)
  3 slaves
  An ogre (D:4)
  2 centaurs (D:5)
  A bullfrog (D:7)
  Blork the orc (D:5)
  A scorpion (D:4)
  2 killer bees (D:7)
  A howler monkey (D:4)
  A crimson imp (D:5)
  A centaur zombie (D:6)
  A hound (D:5)
  An orc priest (D:4)
  2 iguanas (D:4)
  A bullfrog skeleton (D:7)
  An orc wizard (D:3)
  5 worker ants
  A hound skeleton (D:4)
  7 adders
  6 gnolls
  2 oozes
  An adder skeleton (D:4)
  2 worms
  A dart slug (D:2)
  12 leopard geckos
  12 orcs
  10 bats
  9 giant cockroaches
  7 goblins
  4 hobgoblins
  3 jackals
  4 quokkas
  A ball python (D:2)
  5 frilled lizards
  7 kobolds
  A leopard gecko zombie (D:6)
  9 rats
132 creatures vanquished.

Vanquished Creatures (collateral kills)
  2 adders
  A hobgoblin (D:2)
  A kobold (D:2)
4 creatures vanquished.

Grand Total: 136 creatures vanquished

Notes
Turn   | Place    | Note
-------+----------+-------------------------------------------
     0 | D:1      | growler the Draconian Transmuter began the quest for the
                  | Orb.
     0 | D:1      | Reached XP level 1. HP: 16/16 MP: 3/3
   209 | D:1      | Reached XP level 2. HP: 23/23 MP: 5/5
   213 | D:1      | Learned a level 2 spell: Sticks to Snakes
  1140 | D:1      | Reached XP level 3. HP: 22/28 MP: 4/6
  1145 | D:1      | Learned a level 3 spell: Spider Form
  1502 | D:1      | Reached skill level 4 in Unarmed Combat
  1591 | D:1      | Reached XP level 4. HP: 9/35 MP: 2/7
  2166 | D:2      | Reached skill level 1 in Poison Magic
  2774 | D:3      | Reached XP level 5. HP: 35/40 MP: 8/8
  3205 | D:2      | HP: 2/40 [poisoned by an orc wizard]
  3213 | D:2      | HP: 1/40 [poisoned by an orc wizard]
  3607 | D:3      | Found a hide-covered altar of Uskayaw.
  3735 | D:3      | Became a worshipper of Uskayaw the Reveler
  3758 | D:4      | Found a transporter.
  3778 | D:4      | Found a transporter.
  3813 | D:4      | Identified the +5 short sword of the Assorted Souls
                  | {distort, rN+ MR+ Str-2}
  3821 | D:4      | Noticed a small abomination
  3835 | D:4      | Reached * piety under Uskayaw
  3839 | D:4      | Reached ** piety under Uskayaw
  3844 | D:4      | Reached XP level 6. HP: 39/47 MP: 9/9
  3857 | D:4      | Reached *** piety under Uskayaw
  4095 | D:4      | Found Iretol's Assorted Antiques.
  4118 | D:4      | Reached skill level 5 in Unarmed Combat
  4523 | D:4      | Learned a level 4 spell: Ice Form
  4852 | D:4      | Reached skill level 1 in Ice Magic
  4951 | D:4      | Noticed Eustachio
  4972 | D:4      | Killed Eustachio
  4972 | D:4      | Reached skill level 5 in Transmutations
  4972 | D:4      | Your scales start taking on a rich purple colour.
  4972 | D:4      | Reached XP level 7. HP: 52/52 MP: 9/12
  4985 | D:5      | Entered Level 5 of the Dungeon
  5689 | D:5      | Noticed Blork the orc
  5702 | D:5      | Reached skill level 6 in Unarmed Combat
  5707 | D:5      | Killed Blork the orc
  5715 | D:5      | Noticed Pikel
  6238 | D:5      | Reached XP level 8. HP: 49/59 MP: 13/13
  6313 | D:5      | Killed Pikel
  6313 | D:5      | Reached skill level 5 in Ice Magic
  7033 | D:5      | Learned a level 5 spell: Blade Hands
  7452 | D:6      | Found a sparkling altar of Nemelex Xobeh.
  7468 | D:6      | Found a staircase to the Ecumenical Temple.
  7561 | D:6      | Found a glowing golden altar of the Shining One.
  7769 | D:7      | Found a white marble altar of Elyvilon.
  7791 | D:7      | Reached skill level 7 in Unarmed Combat
  7819 | D:7      | Noticed Maggie
  7835 | D:7      | Killed Maggie
  7943 | D:7      | Reached skill level 5 in Spellcasting
  7943 | D:7      | Reached XP level 9. HP: 32/64 MP: 10/16
  7950 | D:7      | Reached **** piety under Uskayaw
  7955 | D:7      | Slain by a centaur

Illustrated notes

Levels and vault maps discovered:
D:1:      dpeg_arrival_tiny_d, layout_loops_ring, kennysheep_decorative_pillar,
          serial_bayou_pond_e, minmay_hexomino_u4
D:2:      layout_rooms, st_stairs_10, serial_bayou_pond_d
D:3:      layout_rooms, nicolae_overflow_crystal_walls
D:4:      layout_loops_ring, first_ration, serial_shops, shop,
          gammafunk_ghost_abyssal_escape, uniq_eustachio
D:5:      layout_cave_pools, uniq_blork_the_orc, uniq_pikel
D:6:      layout_basic, lemuel_coloured_pillars_altar, tso_oasis_becter,
          temple_green
D:7:      layout_loops_cross, chequers_temple_overflow_statue_of_worship,
          elyvilon_altar_5, ebering_ghost_rock_garden, serial_shops, shop,
          nicolae_shop_trees, trog_hazing_becter, uniq_maggie

Skill      XL: |  1  2  3  4  5  6  7  8  9 |
---------------+----------------------------+-----
Transmutations | 3 4 5 6 |  6.0
Unarmed Combat | 4 5 6 7 |  7.6
Poison Magic   | 1 2 |  2.0
Spellcasting   | 3 5 |  5.0
Ice Magic      | 2 3 5 6 |  6.0
Fighting       | |  1.1
Dodging        | |  1.7

Action                   |  1- 3 |  4- 6 |  7- 9 || total
-------------------------+-------+-------+-------++-------
Melee: Unarmed           |   126 |   228 |   197 ||   551
       Tailslap          |     6 |    15 |    16 ||    37
       Kick              |     6 |     7 |       ||    13
       Headbutt          |     2 |     4 |     2 ||     8
       Punch             |       |     2 |     3 ||     5
 Cast: Beastly Appendage |     6 |     5 |     3 ||    14
       Sticks to Snakes  |     4 |     3 |       ||     7
       Spider Form       |       |     7 |     6 ||    13
       Ice Form          |       |       |     2 ||     2
Invok: Line Pass         |       |       |     2 ||     2
       Stomp             |       |       |     3 ||     3
 Abil: Breathe Dispellin |       |       |     1 ||     1
       End Transformatio |       |       |     1 ||     1
  Use: Scroll            |     1 |     3 |     1 ||     5
       Potion            |       |       |     1 ||     1
 Stab: Paralysed         |       |     1 |     5 ||     6
  Eat: Chunk             |     3 |    11 |     5 ||    19
       Ration            |       |       |     2 ||     2
Armor: Skin              |    46 |    61 |    40 ||   147
Dodge: Dodged            |   111 |   163 |   134 ||   408
